 Dungeon Crawl Stone Soup version 0.28-a0-589-g333b8329f1 (webtiles) character file.

Game seed: 10472334118053525222

100 Demosthentine the Poker (level 4, -1/35 HPs)
             Began as a Merfolk Gladiator on Oct 4, 2021.
             Slain by an orc wizard (2 damage)
             ... on level 2 of the Dungeon.
             The game lasted 00:02:36 (1483 turns).

Demosthentine the Poker (Merfolk Gladiator)         Turns: 1483, Time: 00:02:37

Health: -1/35      AC:  8    Str: 15    XL:     4   Next: 73%
Magic:  4/4        EV: 13    Int:  7    God:
Gold:   71         SH:  0    Dex: 15    Spells: 3/3 levels left

rFire   . . .      SeeInvis .   a - +0 trident
rCold   . . .      Faith    .   (no shield)
rNeg    . . .      Spirit   .   b - +0 leather armour
rPois   .          Reflect  .   c - +1 helmet
rElec   .          Harm     .   (no cloak)
rCorr   .          Rampage  .   (no gloves)
Will    .....                   i - +2 pair of boots
Stlth   +.........              (no amulet)
HPRegen 0.11/turn               (no ring)
MPRegen 0.09/turn               (no ring)

@: flying
A: (nimble swimmer 2), mertail
a: no special abilities


You were on level 2 of the Dungeon.
You visited 1 branch of the dungeon, and saw 2 of its levels.

You collected 71 gold pieces.

Inventory:

Hand Weapons
 a - a +0 trident (weapon)
Missiles
 d - 3 throwing nets (quivered)
Armour
 b - a +0 leather armour (worn)
 c - a +1 helmet (worn)
 i - a +2 pair of boots (worn)
Scrolls
 g - a scroll of identify {unknown}
Potions
 h - a potion of haste {unknown}


   Skills:
 + Level 3.2 Fighting
 + Level 5.4 Polearms
 - Level 2.0 Throwing
 + Level 1.3 Armour
 + Level 4.9 Dodging


You had 3 spell levels left.
You didn't know any spells.
Your spell library was empty.

Dungeon Overview and Level Annotations

Branches:
Dungeon (2/15)

Altars:

Shops:
D:2 :


Innate Abilities, Weirdness & Mutations

((You are quick and stealthy near water. (Stealth+, EV+, Speed+++)))
Your lower body shifts to a powerful aquatic tail in water.


Message History

You bump into the rock wall.
You hear some strange, mumbled words.
Something tries to affect you, but you resist.
You bump into the rock wall.
Something hits you but does no damage.
You bump into the rock wall.
You hear some strange, mumbled words.
A puff of flame appears from out of thin air!
The puff of flame hits you!
You hear some strange, mumbled words.
You are more confused.
You bump into the rock wall.
You're too confused to move!
Something hits you but does no damage. Something hits you but does no damage.
You bump into the rock wall.
The orc priest invokes the aid of Beogh against you.
Beogh smites you!
* * * LOW HITPOINT WARNING * * *
Something hits you but does no damage.
You bump into the rock wall.
It was a potion of curing.
You feel better.
You hear some strange, mumbled words.
Something tries to affect you, but you resist.
The orc hits you but does no damage.
You hit the orc.
The orc is heavily wounded.
You hear some strange, mumbled words.
Something tries to affect you, but you resist.
The orc hits you with a +0 hand axe.
* * * LOW HITPOINT WARNING * * *
You puncture the orc!
You kill the orc!
Something hits you.
* * * LOW HITPOINT WARNING * * *
You barely miss something. Something hits you.
* * * LOW HITPOINT WARNING * * *
The orc priest barely misses you.
It was a potion of flight.
You feel very buoyant.
You fly up into the air.
Something hits you.
You die...

#
#...........#####..#...###
#
#...........##.........<<.
#
#.........(.##.........#.#
#
#...........##............
#
#...........##.......#.#.#
#
#...........#..........#..
#
#############........#####
# #####.........# #
#@{...........##
#o###.......#..# #)#
#.......#..##
####'###.#'##......#
#o..).##.#.##......#
..........##.#.##......#
..........'..#........>#
..........#######.....##
..........# #.....#


You could see an orc priest.

Vanquished Creatures
  Terence (D:2)
  An orc wizard (D:2)
  2 orcs (D:2)
  6 ball pythons
  2 bats (D:1)
  6 endoplasms
  4 giant cockroaches (D:1)
  5 goblins
  5 hobgoblins
  3 jackals (D:1)
  3 kobolds
  A quokka (D:1)
  2 frilled lizards (D:1)
  2 rats (D:1)
43 creatures vanquished.

Vanquished Creatures (others)
  A quokka (D:1)
  A rat (D:1)
2 creatures vanquished.

Grand Total: 45 creatures vanquished

Notes
Turn   | Place    | Note
-------+----------+-------------------------------------------
     0 | D:1      | Demosthentine the Merfolk Gladiator began the quest for the
                  | Orb.
     0 | D:1      | Reached XP level 1. HP: 16/16 MP: 1/1
   119 | D:1      | Reached XP level 2. HP: 18/23 MP: 2/2
   618 | D:1      | Found a faded altar of an unknown god.
   684 | D:1      | Reached XP level 3. HP: 28/28 MP: 3/3
  1177 | D:2      | Reached skill level 5 in Polearms
  1245 | D:2      | Noticed Terence
  1253 | D:2      | Reached skill level 1 in Armour
  1263 | D:2      | Killed Terence
  1264 | D:2      | Reached XP level 4. HP: 21/35 MP: 4/4
  1414 | D:2      | Found Utyun's Book Emporium.
  1477 | D:2      | HP: 1/35 [orc priest/divine providence (14)]
  1482 | D:2      | HP: 1/35 [something (2)]
  1483 | D:2      | Slain by an orc wizard

Illustrated notes

Levels and vault maps discovered:
D:1:      minmay_arrival_pointy, layout_basic,
          hellmonk_ecumenical_altar_slurped_away, lemuel_flame_loot_1
D:2:      layout_basic, basic_altar, serial_shops,
          nicolae_shop_competitors_out_of_business, uniq_terence

Skill      XL: |  1  2  3 |
---------------+----------+-----
Polearms       | 5 |  5.4
Armour         | 1 |  1.3
Fighting       | 3 |  3.2
Throwing       | |  2.0
Dodging        | |  4.9

Action                   |  1- 3 |  4- 6 || total
-------------------------+-------+-------++-------
Melee: Trident           |   117 |    24 ||   141
  Use: Scroll            |     2 |       ||     2
       Potion            |       |     2 ||     2
 Stab: Sleeping          |     2 |       ||     2
Armor: Leather armour    |    32 |    14 ||    46
Dodge: Dodged            |    61 |     6 ||    67

Table legend: (Time is in decaauts)
 A = Elapsed time spent in this place.
 B = Non-inter-level travel time spent in this place.
 C = Inter-level travel time spent in this place.
 D = Time resting spent in this place.
 E = Time spent auto-exploring this place.
 F = Levels seen in this place.
 G = Mean time per level.
                   A        B        C        D        E       F      G
               +--------+--------+--------+--------+--------+-----+--------+
         Total |   1490 |   1483 |      7 |      0 |   1184 |   2 |  745.0 |
       Dungeon |   1490 |   1483 |      7 |      0 |   1184 |   2 |  745.0 |
               +--------+--------+--------+--------+--------+-----+--------+

Top non-repeatable levels by time:
     D:1: 1123 daAuts
     D:2: 367 daAuts
